 Dungeon Crawl Stone Soup version 0.29.1-4-g47bece8355 (webtiles) character file.

Game seed: 7796181431728445021

5359 Anriel the Carver (level 10, -5/86 HPs)
             Began as a Minotaur Gladiator on Dec 5, 2022.
             Was an Initiate of Gozag.
             Succumbed to a green ugly thing's poison
             ... on level 9 of the Dungeon.
             The game lasted 00:53:01 (9293 turns).

Anriel the Carver (Minotaur Gladiator)              Turns: 9293, Time: 00:53:02

Health: -5/86      AC: 17    Str: 24 (26) XL:     10   Next: 39%
Magic:  8/9        EV: 10    Int:  3 (5)  God:    Gozag
Gold:   731        SH:  0    Dex:  9 (12) Spells: 9/9 levels left

rFire   . . .      SeeInvis .   a - +0 great sword
rCold   + + .      Faith    .   (shield currently unavailable)
rNeg    . . .      Spirit   .   u - +1 chain mail of Jaghas {Str+3}
rPois   .          Reflect  .   (helmet restricted)
rElec   +          Harm     .   c - scarf {+Inv}
rCorr   .          Rampage  .   b - +0 pair of gloves of the Tanner {Drain +Blink rElec rC+}
Will    .....                   f - +2 pair of boots
Stlth   ..........              (no amulet)
HPRegen 0.24/turn               v - ring of protection from cold
MPRegen 0.11/turn               (no ring)

@: lethally poisoned (-5 -> -56), on blink cooldown, studying Armour
A: horns 2, retaliatory headbutt
a: Renounce Religion, Evoke Blink, Evoke Invisibility, Potion Petition, Call
Merchant, Bribe Branch


You were on level 9 of the Dungeon.
You worshipped Gozag.
Gozag was pleased with you.
You visited 2 branches of the dungeon, and saw 10 of its levels.

You collected 1498 gold pieces.
You spent 266 gold pieces at shops.
You paid 501 gold pieces to Gozag.

Inventory:

Hand Weapons
 a - a +0 great sword (weapon)
 e - a +0 shortbow of freezing
 p - a +0 longbow
 s - a +1 scimitar of draining
Missiles
 d - a throwing net (quivered)
Armour
 b - the +0 pair of gloves of the Tanner (worn) {Drain +Blink rElec rC+}
   (You acquired it on level 3 of the Dungeon)

   rC:        It protects you from cold.
   rElec:     It insulates you from electricity.
   +Blink:    It lets you blink.
   Drain:     It drains your maximum health when unequipped.
 c - a scarf of invisibility (worn)
 f - a +2 pair of boots (worn)
 j - +0 acid dragon scales
 q - a +0 plate armour
 u - the +1 chain mail of Jaghas (worn) {Str+3}
   (You bought it in a shop on level 7 of the Dungeon)

   Str:       It affects your strength (+3).
Jewellery
 l - a ring of fire
 v - a ring of protection from cold (left hand)
Wands
 o - a wand of iceblast (2)
Scrolls
 h - a scroll of immolation
 n - a scroll of teleportation
 w - a scroll of blinking {unknown}
Potions
 g - a potion of mutation {unknown}
 i - a potion of invisibility
 k - 5 potions of flight
 m - a potion of haste {unknown}
 t - 2 potions of degeneration


   Skills:
 + Level 7.1 Fighting
 + Level 10.7 Long Blades
 + Level 5.0 Ranged Weapons
 - Level 4.2 Throwing
 + Level 10.6 Armour
 + Level 4.8 Dodging
 * Level 5.8 Evocations


You had 9 spell levels left.
You didn't know any spells.
Your spell library contained the following spells:

 Spells                   Type           Power      Damage    Failure   Level
 Apportation              Tloc           0%         N/A       97%         1
 Magic Dart               Conj           0%         1d3       97%         1
 Necrotise                Necr           0%         1d4       97%         1
 Sandblast                Erth           0%         2d4       97%         1
 Summon Small Mammal      Summ           0%         N/A       97%         1
 Passwall                 Tmut/Erth      0%         N/A       99%         2
 Static Discharge         Conj/Air       0%         3-3/arc   99%         2
 Conjure Flame            Conj/Fire      0%         6-21      100%        3
 Ignite Poison            Fire/Tmut/Pois 0%         N/A       100%        3
 Portal Projectile        Hex/Tloc       0%         N/A       100%        3
 Stone Arrow              Conj/Erth      0%         3d7       100%        3
 Tukima's Dance           Hex            0%         N/A       100%        3
 Vampiric Draining        Necr           0%         2d6       100%        3
 Sticky Flame             Conj/Fire      0%         2d3       100%        4
 Agony                    Necr           0%         N/A       100%        5
 Blade Hands              Tmut           0%         N/A       100%        5
 Iskenderun's Battlesphe  Conj           0%         2d6       100%        5
 Lightning Bolt           Conj/Air       0%         1d11      100%        5
 Conjure Ball Lightning   Conj/Air       0%         3x3d6     100%        6
 Summon Cactus Giant      Summ           0%         N/A       100%        6
 Maxwell's Capacitive Co  Air            0%         ∞         100%        8


Dungeon Overview and Level Annotations

Branches:
Dungeon (9/15)             Temple (1/1) D:6
   Lair: D:8-11         Orc: D:9-12

Altars:
Cheibriados
Dithmenos
Elyvilon
Gozag
Kikubaaqudgha
Nemelex Xobeh
Okawaru
Qazlal
Ru
Sif Muna
Trog
Uskayaw
Vehumet
Wu Jian
Xom
Yredelemnul
Zin
The Shining One

Shops:
D:7 ([

Annotations:
D:5 2 runed translucent doors
D:9 1 runed translucent door, ripuliukko's ghost, novice GrEE


Innate Abilities, Weirdness & Mutations

You have a pair of horns on your head.
You reflexively headbutt those who attack you in melee.


Message History

You closely miss the green ugly thing. You headbutt the green ugly thing!
The green ugly thing is lightly wounded.
The green ugly thing headbutts you.
You slash the green ugly thing! You headbutt the green ugly thing.
The green ugly thing is moderately wounded.
The green ugly thing headbutts you.
You hit the green ugly thing.
The green ugly thing is moderately wounded.
The green ugly thing headbutts you.
The green ugly thing headbutts you but does no damage.
You slash the green ugly thing!
Your headbutt misses the green ugly thing.
The green ugly thing is heavily wounded.
The green ugly thing headbutts you!
You are lethally poisoned!
The green ugly thing poisons you!
You barely miss the green ugly thing.
Your headbutt misses the green ugly thing.
The green ugly thing is heavily wounded.
* * * LOW HITPOINT WARNING * * *
You feel extremely sick. The green ugly thing headbutts you!
* * * LOW HITPOINT WARNING * * *
You feel much better.
You feel extremely sick. The green ugly thing headbutts you.
You are lethally poisoned!
The green ugly thing poisons you!
Okay, then.
You closely miss the green ugly thing.
You headbutt the green ugly thing, but do no damage.
The green ugly thing is heavily wounded.
* * * LOW HITPOINT WARNING * * *
You feel extremely sick. The green ugly thing headbutts you.
* * * LOW HITPOINT WARNING * * *
You blink.
You recover from your berserk rage.
You die...
Your body crumbles into a pile of gold.

#...#§OW#.......#######
#...##+##.............#
#.....................#
#...$.................#
......?........>.<.#####
.$.................#
...................####
.......................
.......###'#.§.@..###
.......#.).#u###..# ...
#.......#..# ..
#.......#..# #
#.......##.#
#........#.#
.'.....####.# ..#'#####
.# .....


You could see a green ugly thing.

Vanquished Creatures
  A two-headed ogre (D:9)
  A centaur warrior (D:9)
  Maggie (D:8)
  Prince Ribbit (D:8)
  A hornet (D:4)
  A shadow (D:9)
  A wyvern (D:9)
  A steam dragon (D:8)
  A water moccasin (D:9)
  An orc warrior (D:5)
  A sky beast (D:7)
  4 black bears
  3 centaurs
  5 bullfrogs
  3 scorpions
  2 gnoll sergeants
  3 wights (D:8)
  3 killer bees (D:9)
  A vampire bat (D:5)
  8 crimson imps (D:7)
  4 hounds
  4 jellies
  6 orc priests
  An iguana (D:4)
  8 orc wizards
  A mummy (D:8)
  11 gnolls
  12 adders
  2 white imps
  2 ufetubi
  A worm (D:4)
  A dart slug (D:4)
  3 fire bats (D:5)
  31 orcs
  2 spectral bats (D:5)
  11 ball pythons
  3 bat skeletons (D:5)
  A bat zombie (D:5)
  6 endoplasms
  5 giant cockroaches
  7 hobgoblins
  4 jackals (D:4)
  8 kobolds
  A quokka (D:3)
  16 bats
  A bat simulacrum (D:5)
  A frilled lizard (D:3)
  7 goblins
  9 rats
212 creatures vanquished.

Vanquished Creatures (others)
  3 orc wizards
  A plant (D:5)
  2 withered plants (D:5)
6 creatures vanquished.

Grand Total: 218 creatures vanquished

Notes
Turn   | Place    | Note
-------+----------+-------------------------------------------
     0 | D:1      | Anriel the Minotaur Gladiator began the quest for the Orb.
     0 | D:1      | Reached XP level 1. HP: 18/18 MP: 0/0
    50 | D:1      | Found a faded altar of an unknown god.
   161 | D:1      | Reached XP level 2. HP: 25/25 MP: 1/1
   327 | D:1      | Reached skill level 1 in Armour
   527 | D:1      | Got the Omnibus of Friendly Blasts
   696 | D:2      | Reached XP level 3. HP: 27/30 MP: 2/2
  1491 | D:3      | Reached XP level 4. HP: 35/37 MP: 3/3
  1542 | D:3      | Found a stormy altar of Qazlal.
  1705 | D:3      | Found a sparkling altar of Nemelex Xobeh.
  1817 | D:3      | Reached XP level 5. HP: 12/44 MP: 4/4
  2342 | D:3      | Identified a scroll of acquirement
  2342 | D:3      | Acquired the +0 pair of gloves of the Tanner {Drain +Blink
                  | rElec rC+}
  2366 | D:4      | Reached skill level 5 in Long Blades
  2427 | D:4      | Reached skill level 1 in Evocations
  2427 | D:4      | Reached XP level 6. HP: 15/51 MP: 5/5
  2765 | D:4      | Noticed a hornet
  2783 | D:4      | Killed a hornet
  2784 | D:4      | Reached XP level 7. HP: 49/58 MP: 6/6
  3075 | D:4      | Reached skill level 5 in Armour
  4009 | D:5      | Entered Level 5 of the Dungeon
  4023 | D:5      | Found a hide-covered altar of Uskayaw.
  4273 | D:5      | Found a large runed translucent door.
  4281 | D:5      | Found a large runed translucent door.
  4356 | D:5      | Found an ancient bone altar of Kikubaaqudgha.
  4370 | D:5      | Found a basalt altar of Yredelemnul.
  4408 | D:5      | Reached XP level 8. HP: 60/67 MP: 7/7
  4528 | D:5      | You fall into a shaft and drop 1 floor!
  4529 | D:6      | Found a staircase to the Ecumenical Temple.
  4556 | Temple   | Entered the Ecumenical Temple
  4582 | Temple   | Became a worshipper of Gozag Ym Sagoz the Greedy
  4965 | D:5      | Reached skill level 5 in Fighting
  4965 | D:5      | Reached skill level 1 in Ranged Weapons
  5437 | D:6      | Found a shimmering altar of Xom.
  5768 | D:6      | Found an ornate altar of the Wu Jian Council.
  6198 | D:5      | Found a glowing silver altar of Zin.
  6566 | D:7      | Found a glowing golden altar of the Shining One.
  6730 | D:7      | Reached XP level 9. HP: 72/74 MP: 8/8
  6801 | D:7      | Found a shimmering blue altar of Sif Muna.
  6871 | D:7      | Found Kynk's Weapon Boutique.
  7510 | D:7      | Bought a translucent chain mail for 266 gold pieces
  7510 | D:7      | Identified the +1 chain mail of Jaghas {Str+3} (You bought
                  | it in a shop on level 7 of the Dungeon)
  7635 | D:8      | Noticed Prince Ribbit
  7636 | D:8      | Noticed Maggie
  8268 | D:8      | Found a snail-covered altar of Cheibriados.
  8322 | D:8      | Killed Maggie
  8323 | D:8      | Reached skill level 5 in Evocations
  8395 | D:8      | Killed Prince Ribbit
  8615 | D:8      | Found a bloodstained altar of Trog.
  8970 | D:9      | Reached skill level 10 in Long Blades
  8970 | D:9      | Reached XP level 10. HP: 57/84 MP: 9/9
  9213 | D:9      | Found a runed translucent door.
  9216 | D:9      | Noticed ripuliukko's ghost (novice GrEE)
  9216 | D:9      | Noticed a two-headed ogre
  9221 | D:9      | Noticed a centaur warrior
  9223 | D:9      | Noticed a two-headed ogre
  9239 | D:9      | Killed a two-headed ogre
  9240 | D:9      | Reached skill level 10 in Armour
  9248 | D:9      | Killed a centaur warrior
  9249 | D:9      | Reached skill level 5 in Ranged Weapons
  9278 | D:9      | Noticed a green ugly thing
  9293 | D:9      | Succumbed to a green ugly thing's poison

Illustrated notes

Levels and vault maps discovered:
D:1:      elethiomel_arrival_quiet, layout_basic,
          chequers_ecumenical_altar_island, chequers_serial_rivers_micro_e
D:2:      layout_basic
D:3:      layout_loops_ring, nemelex_xobeh_ov_fountains_minmay,
          mainiacjoe_overflow_24_doors
D:4:      layout_loops_corners, st_stairs_10, minmay_manual_mullet
D:5:      layout_loops_corners, mainiacjoe_overflow_brackets,
          mainiacjoe_overflow_tiny_flanked, kiku_gazebo_garden_becter,
          jmf_multi_god_temple2, mainiacjoe_overflow_concentric_impassable,
          goddamned_bats
D:6:      layout_cave_pools, kennysheep_mini_moat, nzn_wu_jian_contemplation,
          temple_statues, nicolae_zen_rock_garden
D:7:      layout_basic, led_sif_book, nicolae_tso_swordbearing_angel,
          serial_shops, nicolae_shop_bloodbath_and_beyond, minmay_nine_imps
D:8:      layout_loops_cross, mainiacjoe_overflow_alcove_1, slow_altar_2,
          uniq_prince_ribbit1, uniq_maggie
D:9:      layout_irregular_city, lemuel_doored_altar, kennysheep_little_box,
          ebering_ghost_inner_flame, minmay_chambers_of_fives
Temple:   hellmonk_temple_two_chambers

Skill      XL: |  1  2  3  4  5  6  7  8  9 10 |
---------------+-------------------------------+-----
Long Blades    | 4 5 6 7 8 10 | 10.7
Armour         | 1 2 3 4 6 8 9 10 | 10.6
Fighting       | 3 4 5 6 7 |  7.1
Evocations     | 1 2 3 5 |  5.8
Throwing       | 3 4 |  4.2
Dodging        | 4 |  4.8
Ranged Weapons | 2 4 5 |  5.0

Action                   |  1- 3 |  4- 6 |  7- 9 | 10-12 || total
-------------------------+-------+-------+-------+-------++-------
Melee: Long sword        |    72 |    94 |   297 |       ||   463
       Headbutt          |    12 |    13 |    51 |     5 ||    81
       Punch             |       |     1 |     1 |       ||     2
       Great sword       |       |       |    45 |    30 ||    75
       Scimitar          |       |       |    19 |       ||    19
 Fire: Shortbow          |       |       |    75 |     7 ||    82
Throw: Javelin           |     3 |    15 |    12 |       ||    30
       Boomerang         |       |     7 |    23 |       ||    30
       Throwing net      |       |       |     3 |       ||     3
Invok: Call Merchant     |       |       |     1 |       ||     1
 Abil: Evoke Blink       |       |       |     3 |     2 ||     5
Evoke: Wand              |       |       |     1 |       ||     1
  Use: Scroll            |     3 |     3 |    10 |       ||    16
       Potion            |       |     4 |     6 |     6 ||    16
 Stab: Held in net/web   |       |       |     1 |       ||     1
       Distracted        |       |       |     1 |       ||     1
       Invisible         |       |       |       |     1 ||     1
Armor: Leather armour    |     2 |       |       |       ||     2
       Scale mail        |    30 |    58 |    60 |       ||   148
       Plate armour      |       |       |   152 |       ||   152
       Chain mail        |       |       |    61 |    18 ||    79
Dodge: Dodged            |    46 |    54 |   232 |    10 ||   342
